[ AOE2 MATCH · #493947583 ]
UnrankedPersians vs Khmer
Player's team · LOSS
Rival team · WIN
[ REPLAY ANALYSIS · EXTRACTED FROM THE RECORDED GAME ]
Feudal
19:13
Castle
27:27
Imperial
39:22
| APM avg | 53.6 |
| APM peak | 139 |
| eAPM avg | 26.2 |
| Villagers / military | 78 / 11 |
Focus
⚔️ 36.8% · 🌾 63.2%
Militia ×3 · Mangonel ×3 · Trebuchet (Packed) ×3 · Monk ×2
Feudal
9:40
Castle
25:54
Imperial
44:42
| APM avg | 42.4 |
| APM peak | 131 |
| eAPM avg | 18.8 |
| Villagers / military | 114 / 77 |
Focus
⚔️ 34.1% · 🌾 65.9%
Archer ×30 · Scout Cavalry ×25 · Knight ×13 · Monk ×4 · Mangonel ×3 · Ballista Elephant ×1
Match map
Initial resources + every placement click. Lines = walls · curves = elevation contours. ◆ gold · ⬟ stone · ● berries · ✦ relic · ◌ wall gap
Your base· Open — unwalled flank
pownerto's base· Open — 4t gap
Smoothed initial terrain · ◌ = detected wall gap · hover for details
Inputs per minute
— MztK | FeNiX - - pownerto
Build order — MztK | FeNiX
First 150 of 191 actions detected
| 0:00 | Create | Villager (Male) |
| 0:01 | Create | Villager (Male) |
| 0:02 | Build | House |
| 0:03 | Build | House |
| 0:08 | Create | Villager (Male) |
| 0:09 | Create | Villager (Male) |
| 0:09 | Create | Villager (Male) |
| 1:25 | Create | Villager (Male) |
| 1:25 | Create | Villager (Male) |
| 2:03 | Build | Barracks |
| 2:04 | Build | House |
| 2:50 | Create | Villager (Male) |
| 2:50 | Create | Villager (Male) |
| 3:08 | Create | Villager (Male) |
| 3:20 | Create | Militia |
| 3:20 | Create | Militia |
| 3:20 | Create | Militia |
| 3:42 | Create | Villager (Male) |
| 4:29 | Create | Villager (Male) |
| 4:29 | Create | Villager (Male) |
| 4:36 | Create | Villager (Male) |
| 4:36 | Create | Villager (Male) |
| 5:17 | Create | Villager (Male) |
| 5:22 | Create | Villager (Male) |
| 5:30 | Create | Villager (Male) |
| 5:30 | Create | Villager (Male) |
| 5:47 | Research | Loom |
| 5:47 | Research | Loom |
| 6:15 | Create | Villager (Male) |
| 6:19 | Create | Villager (Male) |
| 6:19 | Create | Villager (Male) |
| 6:20 | Create | Villager (Male) |
| 6:21 | Build | House |
| 7:03 | Create | Villager (Male) |
| 7:45 | Build | Lumber Camp |
| 8:02 | Build | House |
| 8:40 | Build | Palisade Gate |
| 9:02 | Build | Palisade Wall |
| 9:03 | Build | Palisade Wall |
| 9:10 | Build | Palisade Wall |
| 9:14 | Build | Palisade Wall |
| 9:17 | Create | Villager (Male) |
| 9:17 | Create | Villager (Male) |
| 10:05 | Build | Palisade Wall |
| 10:24 | Create | Villager (Male) |
| 10:49 | Build | Town Center |
| 11:00 | Build | Palisade Wall |
| 11:38 | Build | Mill |
| 11:47 | Create | Villager (Male) |
| 11:47 | Create | Villager (Male) |
| 12:13 | Create | Villager (Male) |
| 12:14 | Create | Villager (Male) |
| 12:14 | Create | Villager (Male) |
| 12:28 | Create | Villager (Male) |
| 12:29 | Create | Villager (Male) |
| 12:29 | Create | Villager (Male) |
| 12:29 | Create | Villager (Male) |
| 12:39 | Build | Mill |
| 13:07 | Create | Villager (Male) |
| 13:07 | Create | Villager (Male) |
| 15:37 | Create | Villager (Male) |
| 15:37 | Create | Villager (Male) |
| 15:37 | Create | Villager (Male) |
| 15:38 | Create | Villager (Male) |
| 15:38 | Create | Villager (Male) |
| 15:44 | Build | Palisade Gate |
| 16:04 | Create | Villager (Male) |
| 16:04 | Create | Villager (Male) |
| 16:04 | Create | Villager (Male) |
| 16:04 | Create | Villager (Male) |
| 16:09 | Build | House |
| 17:09 | Research | Feudal Age |
| 17:10 | Research | Feudal Age |
| 17:19 | Build | House |
| 18:22 | Build | Mining Camp |
| 18:27 | Build | Mining Camp |
| 18:30 | Build | Mining Camp |
| 19:13 | Age | Feudal Age |
| 19:33 | Build | Watch Tower |
| 19:38 | Create | Villager (Male) |
| 19:38 | Create | Villager (Male) |
| 19:38 | Create | Villager (Male) |
| 19:38 | Create | Villager (Male) |
| 19:39 | Create | Villager (Male) |
| 19:39 | Create | Villager (Male) |
| 19:39 | Create | Villager (Male) |
| 20:11 | Build | Watch Tower |
| 20:26 | Build | Mining Camp |
| 20:41 | Build | Watch Tower |
| 20:45 | Build | Mining Camp |
| 21:39 | Build | Market |
| 22:01 | Build | Watch Tower |
| 22:04 | Build | Watch Tower |
| 22:18 | Build | Blacksmith |
| 22:26 | Create | Villager (Male) |
| 22:26 | Create | Villager (Male) |
| 22:26 | Create | Villager (Male) |
| 22:26 | Create | Villager (Male) |
| 22:52 | Research | Gold Mining |
| 22:52 | Research | Gold Mining |
| 23:15 | Build | House |
| 23:32 | Create | Villager (Male) |
| 23:33 | Create | Villager (Male) |
| 24:43 | Build | Farm |
| 24:45 | Build | Farm |
| 25:01 | Research | Castle Age |
| 25:01 | Research | Castle Age |
| 25:22 | Build | Outpost |
| 25:29 | Build | Outpost |
| 26:10 | Build | Outpost |
| 26:27 | Build | Outpost |
| 26:34 | Research | Double-Bit Axe |
| 26:34 | Research | Double-Bit Axe |
| 27:27 | Age | Castle Age |
| 27:28 | Build | Siege Workshop |
| 27:39 | Build | Town Center |
| 27:50 | Create | Mangonel |
| 27:59 | Create | Villager (Male) |
| 27:59 | Create | Villager (Male) |
| 27:59 | Create | Villager (Male) |
| 28:05 | Build | Outpost |
| 28:29 | Research | Bow Saw |
| 28:29 | Research | Bow Saw |
| 28:30 | Research | Bow Saw |
| 28:40 | Create | Mangonel |
| 28:46 | Create | Villager (Male) |
| 28:46 | Create | Villager (Male) |
| 29:11 | Build | Farm |
| 29:15 | Research | Fletching |
| 29:48 | Create | Villager (Male) |
| 29:48 | Create | Villager (Male) |
| 29:51 | Build | Farm |
| 29:51 | Build | Farm |
| 29:51 | Build | Farm |
| 29:52 | Build | Farm |
| 29:52 | Build | Farm |
| 29:52 | Build | Farm |
| 31:00 | Create | Villager (Male) |
| 31:03 | Build | Farm |
| 31:03 | Build | Farm |
| 31:03 | Build | Farm |
| 31:03 | Build | Farm |
| 32:54 | Create | Villager (Male) |
| 32:54 | Create | Villager (Male) |
| 32:56 | Build | House |
| 32:59 | Build | Farm |
| 32:59 | Build | Farm |
| 33:00 | Build | Farm |
| 34:06 | Create | Mangonel |
| 34:49 | Build | Castle |
Build order — pownerto
First 150 of 333 actions detected
| 0:00 | Create | Villager (Male) |
| 0:02 | Build | House |
| 0:03 | Build | House |
| 0:08 | Create | Villager (Male) |
| 0:12 | Create | Villager (Male) |
| 0:15 | Create | Villager (Male) |
| 1:26 | Create | Villager (Male) |
| 1:40 | Build | Mill |
| 2:02 | Create | Villager (Male) |
| 2:28 | Create | Villager (Male) |
| 3:12 | Create | Villager (Male) |
| 3:12 | Create | Villager (Male) |
| 3:14 | Build | House |
| 3:30 | Create | Villager (Male) |
| 4:30 | Create | Villager (Male) |
| 4:30 | Create | Villager (Male) |
| 4:30 | Create | Villager (Male) |
| 4:42 | Build | Lumber Camp |
| 4:50 | Research | Loom |
| 4:50 | Create | Villager (Male) |
| 5:02 | Create | Villager (Male) |
| 5:26 | Create | Villager (Male) |
| 5:29 | Create | Villager (Male) |
| 5:46 | Create | Villager (Male) |
| 6:15 | Create | Villager (Male) |
| 6:43 | Create | Villager (Male) |
| 6:59 | Create | Villager (Male) |
| 7:08 | Create | Villager (Male) |
| 7:27 | Build | Mill |
| 7:30 | Research | Feudal Age |
| 9:09 | Build | Palisade Wall |
| 9:15 | Create | Villager (Male) |
| 9:30 | Build | House |
| 9:40 | Age | Feudal Age |
| 9:42 | Build | Archery Range |
| 9:49 | Create | Villager (Male) |
| 10:02 | Build | Mining Camp |
| 10:21 | Create | Archer |
| 10:25 | Create | Villager (Male) |
| 10:29 | Research | Double-Bit Axe |
| 10:37 | Build | Farm |
| 10:42 | Create | Villager (Male) |
| 11:05 | Create | Villager (Male) |
| 11:10 | Create | Villager (Male) |
| 11:39 | Build | Mining Camp |
| 11:42 | Create | Archer |
| 11:45 | Build | House |
| 11:56 | Create | Villager (Male) |
| 12:01 | Build | Lumber Camp |
| 12:29 | Create | Villager (Male) |
| 12:44 | Build | Blacksmith |
| 12:46 | Build | Archery Range |
| 12:50 | Create | Villager (Male) |
| 12:56 | Build | House |
| 12:57 | Build | House |
| 13:02 | Build | Palisade Wall |
| 13:03 | Build | Palisade Wall |
| 13:07 | Build | Palisade Wall |
| 13:09 | Build | Palisade Wall |
| 13:28 | Create | Archer |
| 13:29 | Create | Archer |
| 13:39 | Create | Villager (Male) |
| 14:05 | Build | House |
| 14:22 | Create | Villager (Male) |
| 14:23 | Create | Archer |
| 14:26 | Build | Blacksmith |
| 14:41 | Create | Archer |
| 14:48 | Create | Villager (Male) |
| 15:17 | Create | Archer |
| 15:32 | Build | House |
| 15:34 | Build | House |
| 15:58 | Build | House |
| 16:01 | Build | House |
| 16:20 | Research | Fletching |
| 16:37 | Build | House |
| 16:40 | Create | Archer |
| 16:46 | Build | Town Center |
| 16:59 | Create | Archer |
| 17:20 | Build | House |
| 18:13 | Create | Archer |
| 18:14 | Create | Villager (Male) |
| 18:15 | Create | Villager (Male) |
| 18:15 | Create | Villager (Male) |
| 18:17 | Build | Farm |
| 18:18 | Build | Farm |
| 18:19 | Create | Villager (Male) |
| 18:27 | Create | Villager (Male) |
| 18:31 | Create | Archer |
| 18:33 | Build | House |
| 18:34 | Build | House |
| 18:36 | Build | House |
| 19:00 | Create | Archer |
| 19:00 | Create | Archer |
| 19:03 | Create | Villager (Male) |
| 19:28 | Create | Villager (Male) |
| 19:28 | Create | Archer |
| 19:29 | Create | Archer |
| 19:37 | Build | Archery Range |
| 19:56 | Create | Villager (Male) |
| 20:00 | Build | Farm |
| 20:00 | Build | Farm |
| 20:17 | Create | Villager (Male) |
| 20:31 | Build | Farm |
| 20:32 | Build | House |
| 20:35 | Build | Farm |
| 20:37 | Create | Archer |
| 20:46 | Build | Lumber Camp |
| 20:58 | Create | Villager (Male) |
| 21:46 | Create | Villager (Male) |
| 21:51 | Build | Market |
| 21:54 | Create | Archer |
| 21:54 | Create | Archer |
| 22:07 | Build | Farm |
| 22:27 | Create | Villager (Male) |
| 22:29 | Create | Archer |
| 22:29 | Create | Archer |
| 22:49 | Create | Villager (Male) |
| 22:51 | Build | Farm |
| 23:04 | Research | Castle Age |
| 23:09 | Create | Archer |
| 23:29 | Build | House |
| 23:30 | Build | House |
| 23:31 | Build | House |
| 23:31 | Build | House |
| 23:59 | Create | Archer |
| 23:59 | Create | Archer |
| 24:01 | Build | Archery Range |
| 24:05 | Create | Villager (Male) |
| 24:16 | Build | Mining Camp |
| 24:23 | Create | Archer |
| 24:35 | Research | Gold Mining |
| 24:40 | Research | Padded Archer Armor |
| 24:53 | Research | Horse Collar |
| 25:03 | Create | Archer |
| 25:03 | Create | Archer |
| 25:35 | Research | Stone Mining |
| 25:54 | Age | Castle Age |
| 25:57 | Build | Siege Workshop |
| 25:59 | Research | Crossbowman (upgrade) |
| 26:04 | Build | Farm |
| 26:05 | Build | Farm |
| 26:05 | Build | Farm |
| 26:07 | Build | Farm |
| 26:41 | Create | Mangonel |
| 26:50 | Build | House |
| 27:14 | Create | Villager (Male) |
| 27:19 | Create | Villager (Male) |
| 27:36 | Create | Mangonel |
| 27:37 | Create | Villager (Male) |
| 27:47 | Create | Villager (Male) |
Match timeline
| 2:03 | MztK | FeNiX · first_building Barracks |
| 9:02 | MztK | FeNiX · wall_segment Palisade Wall x1 |
| 9:03 | MztK | FeNiX · wall_segment Palisade Wall x1 |
| 9:09 | pownerto · wall_segment Palisade Wall x1 |
| 9:10 | MztK | FeNiX · wall_segment Palisade Wall x1 |
| 9:14 | MztK | FeNiX · wall_segment Palisade Wall x1 |
| 9:40 | pownerto · age_up feudal |
| 9:42 | pownerto · first_building Archery Range |
| 10:05 | MztK | FeNiX · wall_segment Palisade Wall x2 |
| 11:00 | MztK | FeNiX · wall_segment Palisade Wall x1 |
| 13:02 | pownerto · wall_segment Palisade Wall x3 |
| 13:03 | pownerto · wall_segment Palisade Wall x4 |
| 13:07 | pownerto · wall_segment Palisade Wall x4 |
| 13:09 | pownerto · wall_segment Palisade Wall x1 |
| 19:13 | MztK | FeNiX · age_up feudal |
| 22:47 | MztK | FeNiX · first_market_buy 500 food |
| 22:54 | pownerto · first_market_buy 100 food |
| 22:59 | pownerto · first_market_sell 100 wood |
| 24:03 | MztK | FeNiX · first_market_sell 100 stone |
| 25:54 | pownerto · age_up castle |
| 25:57 | pownerto · first_building Siege Workshop |
| 27:27 | MztK | FeNiX · age_up castle |
| 27:28 | MztK | FeNiX · first_building Siege Workshop |
| 28:35 | pownerto · first_building Castle |
| 30:47 | pownerto · first_building Stable |
| 34:29 | pownerto · first_building Monastery |
| 34:49 | MztK | FeNiX · first_building Castle |
| 39:00 | MztK | FeNiX · first_building Monastery |
| 39:11 | MztK | FeNiX · wall_segment Palisade Wall x1 |
| 39:16 | MztK | FeNiX · wall_segment Palisade Wall x1 |
| 39:22 | MztK | FeNiX · age_up imperial |
| 39:31 | MztK | FeNiX · wall_segment Palisade Wall x1 |
| 39:33 | MztK | FeNiX · wall_segment Palisade Wall x1 |
| 40:17 | MztK | FeNiX · wall_segment Palisade Wall x1 |
| 40:20 | MztK | FeNiX · wall_segment Palisade Wall x1 |
| 41:33 | MztK | FeNiX · wall_segment Palisade Wall x9 |
| 44:00 | MztK | FeNiX · wall_segment Palisade Wall x1 |
| 44:42 | pownerto · age_up imperial |
| 44:44 | MztK | FeNiX · wall_segment Palisade Wall x3 |
| 44:51 | MztK | FeNiX · resign |
[ AI ANALYSIS · 1 CREDIT ]
What really happened in this match?
Wolo.gg analyzes every decision: build order, eco, micro, common mistakes by bracket. Personalized analysis on WhatsApp or Discord in 30 seconds.
Civ guide
Persians
Perfil
MztK | FeNiX